 Dungeon Crawl Stone Soup version 0.27-a0-998-g4cfe56dd59 (webtiles) character file.

Game seed: 18063385248823652654

407 robertstho the Shooter (level 6, -3/57 HPs)
             Began as a Minotaur Hunter on Apr 16, 2021.
             Slain by a kobold brigand
             ... wielding a +0 club
              (7 damage)
             ... on level 4 of the Dungeon.
             The game lasted 00:03:51 (2967 turns).

robertstho the Shooter (Minotaur Hunter)            Turns: 2967, Time: 00:03:51

Health: -3/57      AC:  6    Str: 17    XL:     6   Next: 57%
Magic:  23/23      EV: 11    Int:  8    God:
Gold:   149        SH:  0    Dex: 14    Spells: 5/5 levels left

rFire    . . .     SeeInvis .   a - +1 shortbow
rCold    . . .     Faith    .   (shield currently unavailable)
rNeg     . . .     Spirit   .   j - +0 ring mail
rPois    .         Reflect  .   (helmet restricted)
rElec    .         Harm     .   (no cloak)
rCorr    .         Rampage  .   q - +0 pair of gloves
Will     .....                  (no boots)
Stlth    +.........             (no amulet)
HPRegen  0.19/turn              c - ring of magical power
MPRegen  0.18/turn              m - ring of magical power

@: attractive, slowed, very slow
A: horns 2, retaliatory headbutt, iridescent scales 1, agile 1, deformed body,
robust 1
a: no special abilities


You were on level 4 of the Dungeon.
You visited 1 branch of the dungeon, and saw 4 of its levels.

You collected 149 gold pieces.

Inventory:

Hand Weapons
 a - a +1 shortbow (weapon)
 h - a +0 long sword
Missiles
 d - 66 arrows (quivered ammo)
Armour
 j - a +0 ring mail (worn)
 q - a +0 pair of gloves (worn)
Jewellery
 b - a ring of protection from cold
 c - a ring of magical power (left hand)
 m - a ring of magical power (right hand)
Wands
 p - a wand of iceblast (9)
Scrolls
 e - a scroll of teleportation {unknown}
 f - 2 scrolls of holy word {unknown}
 g - 7 scrolls of identify {unknown}
 i - 2 scrolls of amnesia {unknown}
 k - 2 scrolls of enchant weapon {unknown}
 l - a scroll of immolation {unknown}
 o - a scroll of summoning {unknown}
 s - a scroll of magic mapping {unknown}


   Skills:
 * Level 3.8 Fighting
 * Level 7.9 Bows
 + Level 1.9 Armour
 + Level 2.4 Dodging
 + Level 0.7 Stealth


You had 5 spell levels left.
You didn't know any spells.
Your spell library was empty.

Dungeon Overview and Level Annotations

Branches:
Dungeon (4/15)
 Temple: D:4-7

Altars:
Sif Muna
Zin


Innate Abilities, Weirdness & Mutations

You have a pair of horns on your head.
You reflexively headbutt those who attack you in melee.
You are partially covered in iridescent scales. (AC +2)
You are agile. (Dex +2)
Armour fits poorly on your strangely shaped body.
You are robust. (+10% HP)


Message History

You shoot an arrow.
The arrow barely misses the kobold brigand.
You feel sick.
The kobold brigand closely misses you. x2
Fire: 69 arrows
Press: ? - help, Q - select action, (/) - cycle Shift-Dir - straight line, f/p - kobold brigand
Aim: a kobold brigand, wielding a +0 club and quivering curare-tipped darts (moderately wounded, 56% to hit)
You shoot an arrow. The arrow hits the kobold brigand.
The kobold brigand is heavily wounded.
You feel sick.
The kobold brigand hits you with a +0 club.
* * * LOW HITPOINT WARNING * * *
Fire: 68 arrows
Press: ? - help, Q - select action, (/) - cycle Shift-Dir - straight line, f/p - kobold brigand
Aim: a kobold brigand, wielding a +0 club and quivering curare-tipped darts (heavily wounded, 56% to hit)
You shoot an arrow. The arrow hits the kobold brigand.
The kobold brigand is heavily wounded.
You feel sick.
The kobold brigand hits you but does no damage.
The kobold brigand barely misses you.
It was a potion of mutation.
You feel extremely strange.
Your body twists and deforms.
You feel robust.
Iridescent scales grow over part of your body.
You feel agile.
You feel sick.
You are no longer poisoned.
The kobold brigand hits you with a +0 club.
* * * LOW HITPOINT WARNING * * *
It was a potion of attraction.
You feel attractive to monsters. The kobold brigand misses you.
You furiously retaliate!
You headbutt the kobold brigand. The kobold brigand closely misses you.
You furiously retaliate!
You headbutt the kobold brigand!
Fire: 67 arrows
Press: ? - help, Q - select action, (/) - cycle Shift-Dir - straight line, f/p - kobold brigand
Aim: a kobold brigand, wielding a +0 club and quivering curare-tipped darts (almost dead, 58% to hit)
You shoot an arrow.
The arrow hits the kobold brigand but does no damage.
The kobold brigand is almost dead.
The kobold brigand hits you with a +0 club!
You die...

..... .#.. ...# ...# #.
...# ###.. ...###≈≈≈####
....≈≈≈≈≈≈≈≈ ####
...≈≈≈≈≈≈≈≈######...###
..####≈≈≈###....@K...(#
...).#####......)###.(..
.....).)....###### # .
..###))...###
....####### ......
...... #..... .#.##.


You could see a kobold brigand.

Vanquished Creatures
  Sigmund (D:3)
  A scorpion (D:4)
  An iguana (D:4)
  Natasha (D:2)
  3 adders
  4 worms
  3 dart slugs
  5 orcs
  4 endoplasms
  3 giant cockroaches
  6 goblins
  6 hobgoblins
  9 jackals
  4 quokkas
  8 ball pythons
  4 bats
  3 frilled lizards
  13 kobolds
  5 rats
84 creatures vanquished.

Notes
Turn   | Place    | Note
-------+----------+-------------------------------------------
     0 | D:1      | robertstho the Minotaur Hunter began the quest for the Orb.
     0 | D:1      | Reached XP level 1. HP: 18/18 MP: 0/0
   116 | D:1      | Reached XP level 2. HP: 25/25 MP: 1/1
   130 | D:1      | Reached skill level 5 in Bows
   504 | D:1      | Reached XP level 3. HP: 30/30 MP: 2/2
  1350 | D:2      | Noticed Natasha
  1360 | D:2      | Killed Natasha
  1361 | D:2      | Reached skill level 6 in Bows
  1361 | D:2      | Reached XP level 4. HP: 14/37 MP: 3/3
  1964 | D:3      | Found a shimmering blue altar of Sif Muna.
  2220 | D:3      | Noticed Sigmund
  2231 | D:3      | Killed Sigmund
  2232 | D:3      | Reached skill level 7 in Bows
  2232 | D:3      | Reached skill level 1 in Armour
  2232 | D:3      | Reached XP level 5. HP: 29/45 MP: 4/4
  2232 | D:3      | Reached XP level 6. HP: 33/51 MP: 5/5
  2574 | D:3      | Found a glowing silver altar of Zin.
  2965 | D:4      | Gained mutation: Armour fits poorly on your strangely
                  | shaped body. [potion of mutation]
  2965 | D:4      | Gained mutation: You are robust. (+10% HP) [potion of
                  | mutation]
  2965 | D:4      | Gained mutation: You are partially covered in iridescent
                  | scales. (AC +2) [potion of mutation]
  2965 | D:4      | Gained mutation: You are agile. (Dex +2) [potion of
                  | mutation]
  2967 | D:4      | Slain by a kobold brigand

Illustrated notes

Levels and vault maps discovered:
D:1:      sevenhm_arrival_forest_fort_small_4, layout_loops_ring,
          minmay_misc_feat_square
D:2:      layout_basic, uniq_natasha
D:3:      minmay_inner_zag, layout_basic, overflow_temple_1_default,
          amcnicky_altar_gilded, uniq_sigmund
D:4:      cheibrodos_thug_alley, layout_rooms, nicolae_ossuary_entry_ruins,
          fountainhead, grunt_ministairs_12

Skill      XL: |  1  2  3  4 |
---------------+-------------+-----
Bows           | 5 6 7 |  7.9
Fighting       | 3 |  3.8
Armour         | 1 |  1.9
Dodging        | |  2.4
Stealth        | |  0.7

Action                   |  1- 3 |  4- 6 || total
-------------------------+-------+-------++-------
 Fire: Shortbow          |   111 |   111 ||   222
  Use: Potion            |       |     4 ||     4
Armor: Leather armour    |     9 |       ||     9
       Ring mail         |     4 |     9 ||    13
Dodge: Dodged            |    22 |    35 ||    57

Table legend: (Time is in decaauts)
 A = Elapsed time spent in this place.
 B = Non-inter-level travel time spent in this place.
 C = Inter-level travel time spent in this place.
 D = Time resting spent in this place.
 E = Time spent auto-exploring this place.
 F = Levels seen in this place.
 G = Mean time per level.
                   A        B        C        D        E       F      G
               +--------+--------+--------+--------+--------+-----+--------+
         Total |   2987 |   2881 |    106 |      0 |   2446 |   4 |  746.8 |
       Dungeon |   2987 |   2881 |    106 |      0 |   2446 |   4 |  746.8 |
               +--------+--------+--------+--------+--------+-----+--------+

Top non-repeatable levels by time:
     D:3: 1011 daAuts
     D:1: 955 daAuts
     D:2: 789 daAuts
     D:4: 231 daAuts
